SAN JOSE Sharks vs MONTREAL Canadiens

Created - 2 décembre 2018 at 16:54

Goals
1 2 3 T
SAN JOSE Sharks 1 0 2 3
MONTREAL Canadiens 1 0 1 2
Shots
1 2 3 T
SAN JOSE Sharks 9 14 11 34
MONTREAL Canadiens 12 7 6 25

1st period

1. SAN JOSE Sharks , Mike Matheson 4 (Nick Schmaltz 10, Milan Michalek 4) at 9:28
2. MONTREAL Canadiens , Jason Pominville 3 (Derrick Pouliot 4) at 14:35

Penalties :
Greg Pateryn (MTL) for Tripping (Minor) at 6:07, Marcus Foligno (SJS) for Hooking (Minor) at 11:53

2nd period

No Goal

Penalties :
Greg Pateryn (MTL) for High sticking (Minor) at 3:36, Pierre-Luc Dubois (MTL) for Interference (Minor) at 7:22, Brayden McNabb (SJS) for Holding Stick (Minor) at 11:38

3rd period

3. MONTREAL Canadiens , Greg Pateryn 2 (Mathieu Perreault 9, Phillip Danault 3) at 12:23
4. SAN JOSE Sharks , Chris Tierney 5 (Sven Baertschi 3, Radko Gudas 9) at 13:27
5. SAN JOSE Sharks , Josh Anderson 9 (Brayden McNabb 7, Radko Gudas 10) at 17:51 (PP)

Penalties :
Josh Gorges (SJS) for Hooking (Minor) at 2:51, Pierre-Luc Dubois (MTL) for Roughing (Minor) at 16:25

Goalie Stats

Jaroslav Halak (SJS), 23 saves from 25 shots - (0,920), W, 11-8-1, 60:00 minutes
Kari Lehtonen (MTL), 31 saves from 34 shots - (0,912), L, 4-16-0, 59:54 minutes

Players Stats for SAN JOSE Sharks

Player Name              G  A  P  +/- PIM S  H  SB GA TA FO     MP     PP MP  PK MP  
------------------------------------------------------------------------------------
Brayden McNabb           0  1  1  -1  2   4  3  1  0  0  0/0    21:13   3:43   1:52 
Chris Thorburn           0  0  0   0  0   1  1  0  0  0  5/10   12:17   1:03   0:16 
Chris Tierney            1  0  1   0  0   3  1  0  0  0  9/19   19:05   2:59   2:16 
Christian Djoos          0  0  0  -1  0   1  0  1  0  0  0/0    16:31   0:26   1:11 
Devin Shore              0  0  0   0  0   3  1  0  0  0  2/5    14:16   0:26   0:00 
Johan Franzen            0  0  0   0  0   0  0  0  0  0  0/0     8:44   0:00   1:02 
John Mitchell            0  0  0   0  0   0  0  0  0  0  5/11   10:12   2:30   0:00 
John Ramage              0  0  0   1  0   0  0  0  0  0  0/0    19:50   3:37   2:46 
Josh Anderson            1  0  1   0  0   3  2  0  0  0  4/9    21:59   4:24   3:25 
Josh Gorges              0  0  0   0  2   1  0  4  0  0  0/0    17:52   0:03   0:16 
Lauri Korpikoski         0  0  0   0  0   2  0  0  0  0  0/0    10:58   0:00   0:00 
Marcus Foligno           0  0  0   0  2   2  2  0  0  0  1/3    13:09   3:24   1:30 
Mason Raymond            0  0  0   0  0   2  0  0  0  0  0/0    10:58   0:00   0:00 
Mike Matheson            1  0  1   1  0   2  0  1  0  0  0/0    20:21   3:40   3:14 
Milan Michalek           0  1  1   0  0   1  0  0  0  0  0/1    16:35   2:59   0:00 
Nick Schmaltz            0  1  1   0  0   6  0  0  0  0  11/21  21:59   4:24   3:25 
Radko Gudas              0  2  2   0  0   2  1  1  0  0  0/0    24:11   3:17   2:35 
Sven Baertschi           0  1  1   0  0   1  0  0  0  0  2/3    13:50   0:00   0:00 

Players Stats for MONTREAL Canadiens

Player Name              G  A  P  +/- PIM S  H  SB GA TA FO     MP     PP MP  PK MP  
------------------------------------------------------------------------------------
Anthony Beauvillier      0  0  0  -1  0   2  2  0  0  0  2/3    16:50   0:00   1:33 
Anthony Cirelli          0  0  0   0  0   2  0  1  0  0  13/26  17:47   3:39   4:18 
Anthony Mantha           0  0  0  -1  0   1  0  0  0  0  0/0    18:56   3:39   0:00 
Brian Gionta             0  0  0   0  0   2  0  0  0  0  0/0    12:08   2:18   0:00 
Clayton Stoner           0  0  0  -1  0   0  0  1  0  0  0/0    13:59   0:00   0:00 
Derrick Pouliot          0  1  1   1  0   1  1  3  0  0  0/0    23:02   2:41   3:23 
Frederick Gaudreau       0  0  0  -1  0   0  0  0  0  0  0/0     6:07   0:00   0:00 
Greg Pateryn             1  0  1   0  4   4  3  1  0  0  0/0    22:36   3:16   0:00 
Jacob de la Rose         0  0  0  -1  0   0  1  0  0  0  1/1     7:27   0:00   1:20 
Jason Pominville         1  0  1   2  0   1  0  0  0  0  0/0    15:26   0:00   0:00 
Kevin Gravel             0  0  0  -1  0   0  1  2  0  0  0/0    20:32   2:33   4:00 
Marian Gaborik           0  0  0   0  0   2  0  0  0  0  1/1    10:52   0:00   1:02 
Mathieu Perreault        0  1  1   2  0   4  1  0  0  0  2/2    17:44   2:18   0:00 
Paul Martin              0  0  0   0  0   0  0  1  0  0  0/0    20:14   0:43   3:23 
Phillip Danault          0  1  1   2  0   1  0  2  0  0  11/18  21:29   2:18   3:45 
Pierre-Luc Dubois        0  0  0  -1  4   4  2  0  0  0  11/25  21:42   3:39   2:48 
Samuel Morin             0  0  0   1  0   0  0  4  0  0  0/0    19:35   2:41   4:00 
Tyler Pitlick            0  0  0  -1  0   1  1  0  0  0  2/6     6:07   0:00   0:00 

3 Stars

1 - Jason Pominville (MTL)
2 - Mike Matheson (SJS)
3 - Josh Anderson (SJS)

Power Play

SAN JOSE Sharks - 1 on 4 Attempt(s) - 25,00%
MONTREAL Canadiens - 0 on 3 Attempt(s) - 0,00%

Penalty Kill

SAN JOSE Sharks - 3 on 3 Attempt(s) - 100,00% - Score 0 goal in Penalty Kill
MONTREAL Canadiens - 3 on 4 Attempt(s) - 75,00% - Score 0 goal in Penalty Kill

Team Stat

SAN JOSE Sharks - Hits : 11 - Faceoff Wins : 39 - Blocked Shots : 8 - Penalty Minutes : 6
MONTREAL Canadiens - Hits : 12 - Faceoff Wins : 43 - Blocked Shots : 15 - Penalty Minutes : 8

Official

Referees : Unknown
Linesman : Unknown

Game Notes

No Game Note

Finance

Level 1 -- Attendance: 5499 (87,29%) -- Ticket Income 439 920 $
Level 2 -- Attendance: 4738 (76,42%) -- Ticket Income 236 900 $
Level 3 -- Attendance: 2572 (70,99%) -- Ticket Income 77 160 $
Level 4 -- Attendance: 3911 (97,78%) -- Ticket Income 78 220 $
Luxury Box -- Attendance: 1092 (94,96%) -- Ticket Income 141 960 $
Game was played at the Centre Bell.
Total Attendance: 17812 (83,73%)
Total Ticket Income: 974 160 $
Other Income: 379 922 $
Total Income: 1 354 082 $

SAN JOSE Sharks

5 vs 5 Forward 
   Center                   Left Wing                Right Wing               Time % Phy DF OF 
 1 Nick Schmaltz            Josh Anderson            Milan Michalek           32     1   3  1  
 2 Chris Tierney            Sven Baertschi           Devin Shore              28     1   3  1  
 3 Chris Thorburn           Mason Raymond            Lauri Korpikoski         25     2   2  1  
 4 John Mitchell            Marcus Foligno           Johan Franzen            15     2   3  0  

5 vs 5 Defense 
   Defense                  Defense                                           Time % Phy DF OF 
 1 Josh Gorges              Radko Gudas                                       40     3   1  1  
 2 Mike Matheson            John Ramage                                       30     1   1  3  
 3 Brayden McNabb           Christian Djoos                                   20     1   2  2  
 4 Brayden McNabb           Radko Gudas                                       10     5   0  0  

PowerPlay Forward 
   Center                   Left Wing                Right Wing               Time % Phy DF OF 
 1 Nick Schmaltz            Josh Anderson            Marcus Foligno           52     0   0  5  
 2 Chris Tierney            Milan Michalek           John Mitchell            48     0   0  5  

PowerPlay Defense
   Defense                  Defense                                           Time % Phy DF OF 
 1 Brayden McNabb           Radko Gudas                                       54     0   0  5  
 2 Mike Matheson            John Ramage                                       46     0   0  5  

Penalty Kill 4 Players Forward 
   Center                   Wing                     Time % Phy DF OF 
 1 Josh Anderson            Nick Schmaltz            60     0   5  0  
 2 Chris Tierney            Marcus Foligno           40     0   5  0  

Penalty Kill 4 Players Defense
   Defense                  Defense                  Time % Phy DF OF 
 1 Brayden McNabb           Radko Gudas              60     0   5  0  
 2 Mike Matheson            John Ramage              40     0   5  0  

Penalty Kill - 3 Players Forward 
   Forward                                           Time % Phy DF OF 
 1 Josh Anderson                                     60     1   2  2  
 2 Nick Schmaltz                                     40     1   2  2  

Penalty Kill - 3 Players Defense
   Defense                  Defense                  Time % Phy DF OF 
 1 Brayden McNabb           Radko Gudas              60     1   2  2  
 2 Mike Matheson            John Ramage              40     1   2  2  

4 vs 4 Forward 
   Center                   Wing                     Time % Phy DF OF 
 1 Josh Anderson            Nick Schmaltz            60     1   2  2  
 2 Chris Tierney            Marcus Foligno           40     1   2  2  

4 vs 4 Defense
   Defense                  Defense                  Time % Phy DF OF 
 1 Brayden McNabb           Radko Gudas              60     1   2  2  
 2 Mike Matheson            John Ramage              40     1   2  2  

Last Minutes Offensive
   Center                   Left Wing                Right Wing               Defense                  Defense                  
   Nick Schmaltz            Josh Anderson            Marcus Foligno           Brayden McNabb           Radko Gudas              

Last Minutes Defensive
   Center                   Left Wing                Right Wing               Defense                  Defense                  
   Nick Schmaltz            Josh Anderson            Marcus Foligno           Brayden McNabb           Radko Gudas              

Goaltenders
Starting : Jaroslav Halak           
Backup : Reto Berra               

Extra Forwards
Normal : Chris Thorburn, Johan Franzen, Josh Anderson - PP : Chris Thorburn, Johan Franzen - PK : Johan Franzen
Extra Defensemen
Normal : John Ramage, Christian Djoos, Mike Matheson - PP : John Ramage - PK : Christian Djoos, Mike Matheson
Penalty Shots
Josh Anderson, Nick Schmaltz, Chris Tierney, Marcus Foligno, Sven Baertschi

MONTREAL Canadiens

5 vs 5 Forward 
   Center                   Left Wing                Right Wing               Time % Phy DF OF 
 1 Pierre-Luc Dubois        Anthony Beauvillier      Anthony Mantha           40     1   2  2  
 2 Phillip Danault          Mathieu Perreault        Jason Pominville         30     1   2  2  
 3 Anthony Cirelli          Marian Gaborik           Brian Gionta             20     1   2  2  
 4 Tyler Pitlick            Jacob de la Rose         Frederick Gaudreau       10     1   2  2  

5 vs 5 Defense 
   Defense                  Defense                                           Time % Phy DF OF 
 1 Greg Pateryn             Paul Martin                                       40     1   2  2  
 2 Derrick Pouliot          Samuel Morin                                      30     1   2  2  
 3 Kevin Gravel             Clayton Stoner                                    20     1   2  2  
 4 Greg Pateryn             Derrick Pouliot                                   10     1   2  2  

PowerPlay Forward 
   Center                   Left Wing                Right Wing               Time % Phy DF OF 
 1 Pierre-Luc Dubois        Anthony Cirelli          Anthony Mantha           60     1   2  2  
 2 Phillip Danault          Mathieu Perreault        Brian Gionta             40     1   2  2  

PowerPlay Defense
   Defense                  Defense                                           Time % Phy DF OF 
 1 Samuel Morin             Derrick Pouliot                                   60     1   2  2  
 2 Greg Pateryn             Kevin Gravel                                      40     1   2  2  

Penalty Kill 4 Players Forward 
   Center                   Wing                     Time % Phy DF OF 
 1 Anthony Cirelli          Pierre-Luc Dubois        60     1   2  2  
 2 Phillip Danault          Jacob de la Rose         40     1   2  2  

Penalty Kill 4 Players Defense
   Defense                  Defense                  Time % Phy DF OF 
 1 Kevin Gravel             Samuel Morin             60     1   2  2  
 2 Paul Martin              Derrick Pouliot          40     1   2  2  

Penalty Kill - 3 Players Forward 
   Forward                                           Time % Phy DF OF 
 1 Phillip Danault                                   60     1   2  2  
 2 Anthony Cirelli                                   40     1   2  2  

Penalty Kill - 3 Players Defense
   Defense                  Defense                  Time % Phy DF OF 
 1 Kevin Gravel             Derrick Pouliot          60     1   2  2  
 2 Greg Pateryn             Samuel Morin             40     1   2  2  

4 vs 4 Forward 
   Center                   Wing                     Time % Phy DF OF 
 1 Mathieu Perreault        Pierre-Luc Dubois        60     1   2  2  
 2 Phillip Danault          Anthony Mantha           40     1   2  2  

4 vs 4 Defense
   Defense                  Defense                  Time % Phy DF OF 
 1 Derrick Pouliot          Greg Pateryn             60     1   2  2  
 2 Samuel Morin             Kevin Gravel             40     1   2  2  

Last Minutes Offensive
   Center                   Left Wing                Right Wing               Defense                  Defense                  
   Pierre-Luc Dubois        Anthony Beauvillier      Anthony Mantha           Greg Pateryn             Paul Martin              

Last Minutes Defensive
   Center                   Left Wing                Right Wing               Defense                  Defense                  
   Pierre-Luc Dubois        Anthony Beauvillier      Anthony Mantha           Greg Pateryn             Paul Martin              

Goaltenders
Starting : Kari Lehtonen            
Backup : Carter Hutton            

Extra Forwards
Normal : Anthony Cirelli, Pierre-Luc Dubois, Phillip Danault - PP : Anthony Cirelli, Phillip Danault - PK : Phillip Danault
Extra Defensemen
Normal : Kevin Gravel, Derrick Pouliot, Samuel Morin - PP : Kevin Gravel - PK : Kevin Gravel, Derrick Pouliot
Penalty Shots
Pierre-Luc Dubois, Mathieu Perreault, Tyler Pitlick, Jason Pominville, Phillip Danault


% Time on Ice - SAN JOSE Sharks

Lines # - Real PCT - Wanted PCT - Time Play
Normal Forward
1 - 30% - 32% - 13:36
2 - 30% - 28% - 13:50
3 - 24% - 25% - 10:58
4 - 17% - 15% - 7:42
Normal Defense
1 - 38% - 40% - 17:34
2 - 29% - 30% - 13:27
3 - 32% - 20% - 14:35
4 - 1% - 10% - 0:30
PP Forward
1 - 60% - 52% - 4:24
2 - 40% - 48% - 2:59
PP Defense
1 - 50% - 54% - 3:43
2 - 50% - 46% - 3:40
PK Forward
1 - 62% - 60% - 3:41
2 - 38% - 40% - 2:16
PK Defense
1 - 54% - 60% - 3:11
2 - 46% - 40% - 2:46
PK3 Forward
1 - 0% - 60%
2 - 0% - 40%
PK3 Defense
1 - 0% - 60%
2 - 0% - 40%
44 Forward
1 - 0% - 60%
2 - 0% - 40%
44 Defense
1 - 0% - 60%
2 - 0% - 40%
Last Minute Offensive  - 0:00
Last Minute Defensive  - 0:34
Total
Forward - 60:00
Defense - 60:00

% Time on Ice - MONTREAL Canadiens

Lines # - Real PCT - Wanted PCT - Time Play
Normal Forward
1 - 32% - 40% - 14:43
2 - 33% - 30% - 15:26
3 - 21% - 20% - 9:50
4 - 13% - 10% - 6:07
Normal Defense
1 - 34% - 40% - 15:34
2 - 28% - 30% - 12:54
3 - 30% - 20% - 13:59
4 - 8% - 10% - 3:39
PP Forward
1 - 61% - 60% - 3:39
2 - 39% - 40% - 2:18
PP Defense
1 - 45% - 60% - 2:41
2 - 55% - 40% - 3:16
PK Forward
1 - 82% - 60% - 6:03
2 - 18% - 40% - 1:20
PK Defense
1 - 54% - 60% - 4:00
2 - 46% - 40% - 3:23
PK3 Forward
1 - 0% - 60%
2 - 0% - 40%
PK3 Defense
1 - 0% - 60%
2 - 0% - 40%
44 Forward
1 - 0% - 60%
2 - 0% - 40%
44 Defense
1 - 0% - 60%
2 - 0% - 40%
Last Minute Offensive  - 0:34
Last Minute Defensive  - 0:00
Total
Forward - 60:00
Defense - 60:00

Play by Play

1st period


0:01 of 1st period - Nick Schmaltz wins face-off versus Pierre-Luc Dubois in neutral zone.
0:03 of 1st period - Josh Anderson is hit by Pierre-Luc Dubois and loses puck.
0:27 of 1st period - Josh Anderson is hit by Greg Pateryn and loses puck.
0:34 of 1st period - Shot by Nick Schmaltz.
0:34 of 1st period - Shot Blocked by Greg Pateryn.
0:36 of 1st period - Shot by Milan Michalek.
0:36 of 1st period - Shot Misses the Net.
0:38 of 1st period - Shot by Milan Michalek.
0:38 of 1st period - Stopped by Kari Lehtonen without a rebound.
0:39 of 1st period - Phillip Danault wins face-off versus Chris Tierney in MONTREAL Canadiens zone.
1:25 of 1st period - Icing by Samuel Morin.
1:26 of 1st period - Chris Thorburn wins face-off versus Phillip Danault in MONTREAL Canadiens zone.
1:46 of 1st period - Shot by Chris Thorburn.
1:46 of 1st period - Shot Blocked by Derrick Pouliot.
2:14 of 1st period - Shot by Marcus Foligno.
2:14 of 1st period - Shot Blocked by Derrick Pouliot.
2:16 of 1st period - Shot by Josh Gorges.
2:16 of 1st period - Shot Misses the Net.
2:18 of 1st period - Shot by Marcus Foligno.
2:18 of 1st period - Stopped by Kari Lehtonen without a rebound.
2:19 of 1st period - Anthony Cirelli wins face-off versus Nick Schmaltz in MONTREAL Canadiens zone.
2:19 of 1st period - Anthony Cirelli is hit by Josh Anderson.
2:27 of 1st period - Shot by Brian Gionta.
2:27 of 1st period - Shot Blocked by Josh Gorges.
2:30 of 1st period - Icing by Josh Gorges.
2:31 of 1st period - Nick Schmaltz wins face-off versus Pierre-Luc Dubois in SAN JOSE Sharks zone.
2:51 of 1st period - Shot by Josh Anderson.
2:51 of 1st period - Shot Blocked by Paul Martin.
3:11 of 1st period - Shot by Anthony Beauvillier.
3:11 of 1st period - Stopped by Jaroslav Halak with a rebound.
3:41 of 1st period - Icing by Mike Matheson.
3:42 of 1st period - Anthony Cirelli wins face-off versus John Mitchell in SAN JOSE Sharks zone.
3:47 of 1st period - Shot by Marian Gaborik.
3:47 of 1st period - Stopped by Jaroslav Halak without a rebound.
3:48 of 1st period - Chris Tierney wins face-off versus Anthony Cirelli in SAN JOSE Sharks zone.
3:57 of 1st period - Shot by Chris Tierney.
3:57 of 1st period - Shot Misses the Net.
4:17 of 1st period - Shot by Marian Gaborik.
4:17 of 1st period - Shot Misses the Net.
4:50 of 1st period - Icing by Brian Gionta.
4:51 of 1st period - Anthony Cirelli wins face-off versus John Mitchell in MONTREAL Canadiens zone.
5:06 of 1st period - Shot by Tyler Pitlick.
5:06 of 1st period - Stopped by Jaroslav Halak without a rebound.
5:07 of 1st period - Tyler Pitlick wins face-off versus Chris Thorburn in SAN JOSE Sharks zone.
5:37 of 1st period - Icing by Greg Pateryn.
5:38 of 1st period - Jacob de la Rose wins face-off versus Devin Shore in MONTREAL Canadiens zone.
5:46 of 1st period - Icing by Brayden McNabb.
5:47 of 1st period - Chris Tierney wins face-off versus Anthony Beauvillier in SAN JOSE Sharks zone.
6:07 of 1st period - Minor Penalty to Greg Pateryn for Tripping.
6:08 of 1st period - Nick Schmaltz wins face-off versus Anthony Cirelli in MONTREAL Canadiens zone.
6:36 of 1st period - Shot by Mike Matheson.
6:36 of 1st period - Shot Blocked by Kevin Gravel.
6:42 of 1st period - Shot by Nick Schmaltz.
6:42 of 1st period - Shot Blocked by Samuel Morin.
6:46 of 1st period - Shot by Mike Matheson.
6:46 of 1st period - Stopped by Kari Lehtonen without a rebound.
6:47 of 1st period - Chris Tierney wins face-off versus Phillip Danault in MONTREAL Canadiens zone.
6:52 of 1st period - Shot by Chris Tierney.
6:52 of 1st period - Shot Misses the Net.
6:58 of 1st period - Shot by Brayden McNabb.
6:58 of 1st period - Stopped by Kari Lehtonen without a rebound.
6:59 of 1st period - Anthony Cirelli wins face-off versus Chris Tierney in MONTREAL Canadiens zone.
7:58 of 1st period - Shot by Anthony Cirelli.
7:58 of 1st period - Shot Misses the Net.
8:33 of 1st period - Shot by Mathieu Perreault.
8:33 of 1st period - Stopped by Jaroslav Halak without a rebound.
8:34 of 1st period - Tyler Pitlick wins face-off versus Sven Baertschi in SAN JOSE Sharks zone.
9:28 of 1st period - Shot by Mike Matheson.
9:28 of 1st period - Goal by Mike Matheson - SAN JOSE Sharks : 1 - MONTREAL Canadiens : 0.
9:29 of 1st period - Pierre-Luc Dubois wins face-off versus Marcus Foligno in neutral zone.
9:34 of 1st period - Shot by Anthony Beauvillier.
9:34 of 1st period - Shot Blocked by Josh Gorges.
9:36 of 1st period - Shot by Anthony Beauvillier.
9:36 of 1st period - Shot Blocked by Josh Gorges.
9:38 of 1st period - Shot by Pierre-Luc Dubois.
9:38 of 1st period - Stopped by Jaroslav Halak without a rebound.
9:39 of 1st period - Phillip Danault wins face-off versus Nick Schmaltz in SAN JOSE Sharks zone.
9:52 of 1st period - Icing by Nick Schmaltz.
9:53 of 1st period - Pierre-Luc Dubois wins face-off versus Nick Schmaltz in SAN JOSE Sharks zone.
10:10 of 1st period - Shot by Anthony Mantha.
10:10 of 1st period - Stopped by Jaroslav Halak without a rebound.
10:11 of 1st period - Mathieu Perreault wins face-off versus Chris Thorburn in SAN JOSE Sharks zone.
10:22 of 1st period - Shot by Phillip Danault.
10:22 of 1st period - Shot Misses the Net.
10:29 of 1st period - Jason Pominville is hit by Radko Gudas and loses puck.
11:27 of 1st period - Josh Anderson is hit by Anthony Beauvillier and loses puck.
11:50 of 1st period - Shot by Nick Schmaltz.
11:50 of 1st period - Stopped by Kari Lehtonen without a rebound.
11:51 of 1st period - John Mitchell wins face-off versus Anthony Cirelli in MONTREAL Canadiens zone.
11:53 of 1st period - Minor Penalty to Marcus Foligno for Hooking.
11:54 of 1st period - Pierre-Luc Dubois wins face-off versus Josh Anderson in SAN JOSE Sharks zone.
12:09 of 1st period - Shot by Anthony Cirelli.
12:09 of 1st period - Stopped by Jaroslav Halak with a rebound.
12:11 of 1st period - Shot by Kevin Gravel.
12:11 of 1st period - Shot Hit the Post.
12:13 of 1st period - Shot by Greg Pateryn.
12:13 of 1st period - Shot Blocked by Brayden McNabb.
12:15 of 1st period - Shot by Greg Pateryn.
12:15 of 1st period - Deflect By Pierre-Luc Dubois.
12:15 of 1st period - Shot Blocked by Radko Gudas.
12:17 of 1st period - Shot by Pierre-Luc Dubois.
12:17 of 1st period - Stopped by Jaroslav Halak without a rebound.
12:18 of 1st period - Josh Anderson wins face-off versus Phillip Danault in SAN JOSE Sharks zone.
13:26 of 1st period - Shot by Josh Anderson.
13:26 of 1st period - Stopped by Kari Lehtonen without a rebound.
13:27 of 1st period - Phillip Danault wins face-off versus Josh Anderson in MONTREAL Canadiens zone.
13:36 of 1st period - Shot by Mathieu Perreault.
13:36 of 1st period - Stopped by Jaroslav Halak without a rebound.
13:37 of 1st period - Chris Tierney wins face-off versus Pierre-Luc Dubois in SAN JOSE Sharks zone.
14:05 of 1st period - Shot by Lauri Korpikoski.
14:05 of 1st period - Stopped by Kari Lehtonen with a rebound.
14:07 of 1st period - Shot by Brayden McNabb.
14:07 of 1st period - Stopped by Kari Lehtonen without a rebound.
14:08 of 1st period - Chris Tierney wins face-off versus Phillip Danault in MONTREAL Canadiens zone.
14:35 of 1st period - Shot by Jason Pominville.
14:35 of 1st period - Goal by Jason Pominville - SAN JOSE Sharks : 1 - MONTREAL Canadiens : 1.
14:36 of 1st period - Nick Schmaltz wins face-off versus Pierre-Luc Dubois in neutral zone.
15:41 of 1st period - Off-side.
15:42 of 1st period - John Mitchell wins face-off versus Phillip Danault in neutral zone.
16:30 of 1st period - Samuel Morin is hit by Marcus Foligno.
16:54 of 1st period - Shot by Devin Shore.
16:54 of 1st period - Shot Misses the Net.
18:29 of 1st period - Icing by Milan Michalek.
18:30 of 1st period - Anthony Cirelli wins face-off versus Nick Schmaltz in SAN JOSE Sharks zone.
18:33 of 1st period - Shot by Brian Gionta.
18:33 of 1st period - Stopped by Jaroslav Halak without a rebound.
18:34 of 1st period - Anthony Cirelli wins face-off versus Chris Tierney in SAN JOSE Sharks zone.
18:59 of 1st period - Shot by Marian Gaborik.
18:59 of 1st period - Stopped by Jaroslav Halak with a rebound.
19:01 of 1st period - Shot by Clayton Stoner.
19:01 of 1st period - Shot Misses the Net.
19:09 of 1st period - Shot by Anthony Cirelli.
19:09 of 1st period - Shot Misses the Net.
19:11 of 1st period - Shot by Anthony Cirelli.
19:11 of 1st period - Shot Misses the Net.
19:13 of 1st period - Shot by Anthony Cirelli.
19:13 of 1st period - Shot Misses the Net.
Goals for this period are 1 for SAN JOSE Sharks vs 1 for MONTREAL Canadiens.
Shots for this period are 9 for SAN JOSE Sharks vs 12 for MONTREAL Canadiens.

2nd period


0:01 of 2nd period - Nick Schmaltz wins face-off versus Pierre-Luc Dubois in neutral zone.
0:58 of 2nd period - Anthony Cirelli is hit by Chris Thorburn and loses puck.
1:02 of 2nd period - Icing by Kevin Gravel.
1:03 of 2nd period - Devin Shore wins face-off versus Anthony Cirelli in MONTREAL Canadiens zone.
1:14 of 2nd period - Shot by Anthony Cirelli.
1:14 of 2nd period - Deflect By Brian Gionta.
1:14 of 2nd period - Shot Misses the Net.
1:30 of 2nd period - Shot by Sven Baertschi.
1:30 of 2nd period - Stopped by Kari Lehtonen without a rebound.
1:31 of 2nd period - Phillip Danault wins face-off versus Chris Thorburn in MONTREAL Canadiens zone.
1:40 of 2nd period - Shot by Derrick Pouliot.
1:40 of 2nd period - Stopped by Jaroslav Halak with a rebound.
2:36 of 2nd period - Shot by Josh Anderson.
2:36 of 2nd period - Shot Misses the Net.
2:54 of 2nd period - Shot by Nick Schmaltz.
2:54 of 2nd period - Stopped by Kari Lehtonen without a rebound.
2:55 of 2nd period - Marian Gaborik wins face-off versus Devin Shore in MONTREAL Canadiens zone.
3:23 of 2nd period - Shot by Chris Tierney.
3:23 of 2nd period - Stopped by Kari Lehtonen without a rebound.
3:24 of 2nd period - Nick Schmaltz wins face-off versus Tyler Pitlick in MONTREAL Canadiens zone.
3:33 of 2nd period - Shot by Josh Anderson.
3:33 of 2nd period - Deflect By Nick Schmaltz.
3:33 of 2nd period - Shot Misses the Net.
3:36 of 2nd period - Minor Penalty to Greg Pateryn for High sticking.
3:37 of 2nd period - Nick Schmaltz wins face-off versus Anthony Cirelli in MONTREAL Canadiens zone.
3:54 of 2nd period - Shot by Brayden McNabb.
3:54 of 2nd period - Stopped by Kari Lehtonen without a rebound.
3:55 of 2nd period - Anthony Cirelli wins face-off versus Chris Tierney in MONTREAL Canadiens zone.
5:20 of 2nd period - Shot by Marcus Foligno.
5:20 of 2nd period - Stopped by Kari Lehtonen with a rebound.
5:28 of 2nd period - Shot by Radko Gudas.
5:28 of 2nd period - Stopped by Kari Lehtonen with a rebound.
5:54 of 2nd period - Shot by Chris Thorburn.
5:54 of 2nd period - Stopped by Kari Lehtonen without a rebound.
5:55 of 2nd period - Anthony Cirelli wins face-off versus Chris Tierney in MONTREAL Canadiens zone.
6:19 of 2nd period - Shot by Devin Shore.
6:19 of 2nd period - Stopped by Kari Lehtonen without a rebound.
6:20 of 2nd period - Chris Thorburn wins face-off versus Tyler Pitlick in MONTREAL Canadiens zone.
6:41 of 2nd period - Shot by Mason Raymond.
6:41 of 2nd period - Stopped by Kari Lehtonen without a rebound.
6:42 of 2nd period - Phillip Danault wins face-off versus Milan Michalek in MONTREAL Canadiens zone.
6:42 of 2nd period - Phillip Danault is hit by Josh Anderson.
7:00 of 2nd period - Shot by Nick Schmaltz.
7:00 of 2nd period - Stopped by Kari Lehtonen with a rebound.
7:14 of 2nd period - Shot by Josh Anderson.
7:14 of 2nd period - Deflect By Nick Schmaltz.
7:14 of 2nd period - Stopped by Kari Lehtonen without a rebound.
7:15 of 2nd period - Pierre-Luc Dubois wins face-off versus John Mitchell in MONTREAL Canadiens zone.
7:20 of 2nd period - John Mitchell is hit by Anthony Beauvillier and loses puck.
7:22 of 2nd period - Minor Penalty to Pierre-Luc Dubois for Interference.
7:23 of 2nd period - Chris Tierney wins face-off versus Anthony Cirelli in MONTREAL Canadiens zone.
7:23 of 2nd period - Chris Tierney is hit by Derrick Pouliot.
7:38 of 2nd period - Icing by John Mitchell.
7:39 of 2nd period - Anthony Cirelli wins face-off versus Chris Tierney in SAN JOSE Sharks zone.
8:16 of 2nd period - Icing by Nick Schmaltz.
8:17 of 2nd period - Nick Schmaltz wins face-off versus Anthony Cirelli in SAN JOSE Sharks zone.
8:34 of 2nd period - Shot by Radko Gudas.
8:34 of 2nd period - Shot Misses the Net.
8:36 of 2nd period - Shot by Radko Gudas.
8:36 of 2nd period - Stopped by Kari Lehtonen without a rebound.
8:37 of 2nd period - Anthony Cirelli wins face-off versus Nick Schmaltz in MONTREAL Canadiens zone.
9:24 of 2nd period - Chris Tierney is hit by Greg Pateryn and loses puck.
9:41 of 2nd period - Shot by Chris Tierney.
9:41 of 2nd period - Shot Misses the Net.
10:33 of 2nd period - Shot by Chris Thorburn.
10:33 of 2nd period - Shot Blocked by Clayton Stoner.
10:35 of 2nd period - Shot by Radko Gudas.
10:35 of 2nd period - Shot Misses the Net.
10:37 of 2nd period - Shot by Chris Thorburn.
10:37 of 2nd period - Shot Misses the Net.
10:39 of 2nd period - Shot by Josh Gorges.
10:39 of 2nd period - Stopped by Kari Lehtonen with a rebound.
10:41 of 2nd period - Shot by Mason Raymond.
10:41 of 2nd period - Shot Blocked by Phillip Danault.
10:43 of 2nd period - Shot by Mason Raymond.
10:43 of 2nd period - Shot Blocked by Kevin Gravel.
10:45 of 2nd period - Shot by Josh Gorges.
10:45 of 2nd period - Shot Misses the Net.
11:36 of 2nd period - Icing by Brayden McNabb.
11:37 of 2nd period - Anthony Beauvillier wins face-off versus John Mitchell in SAN JOSE Sharks zone.
11:37 of 2nd period - Anthony Beauvillier is hit by Brayden McNabb.
11:38 of 2nd period - Minor Penalty to Brayden McNabb for Holding Stick.
11:39 of 2nd period - Josh Anderson wins face-off versus Pierre-Luc Dubois in SAN JOSE Sharks zone.
11:48 of 2nd period - Shot by Anthony Mantha.
11:48 of 2nd period - Deflect By Anthony Cirelli.
11:48 of 2nd period - Stopped by Jaroslav Halak without a rebound.
11:49 of 2nd period - Josh Anderson wins face-off versus Pierre-Luc Dubois in SAN JOSE Sharks zone.
12:18 of 2nd period - Shot by Pierre-Luc Dubois.
12:18 of 2nd period - Shot Blocked by Mike Matheson.
12:20 of 2nd period - Shot by Samuel Morin.
12:20 of 2nd period - Shot Misses the Net.
12:38 of 2nd period - Shot by Greg Pateryn.
12:38 of 2nd period - Shot Misses the Net.
12:47 of 2nd period - Icing by Brian Gionta.
12:48 of 2nd period - Phillip Danault wins face-off versus Josh Anderson in MONTREAL Canadiens zone.
13:21 of 2nd period - Icing by Anthony Mantha.
13:22 of 2nd period - Anthony Cirelli wins face-off versus Josh Anderson in MONTREAL Canadiens zone.
14:08 of 2nd period - Icing by Mason Raymond.
14:09 of 2nd period - Chris Thorburn wins face-off versus Pierre-Luc Dubois in SAN JOSE Sharks zone.
14:42 of 2nd period - Shot by Chris Tierney.
14:42 of 2nd period - Stopped by Kari Lehtonen without a rebound.
14:43 of 2nd period - Nick Schmaltz wins face-off versus Anthony Cirelli in MONTREAL Canadiens zone.
14:48 of 2nd period - Shot by Milan Michalek.
14:48 of 2nd period - Shot Misses the Net.
14:55 of 2nd period - Icing by Anthony Cirelli.
14:56 of 2nd period - Sven Baertschi wins face-off versus Anthony Cirelli in MONTREAL Canadiens zone.
15:21 of 2nd period - Shot by Brian Gionta.
15:21 of 2nd period - Shot Misses the Net.
15:29 of 2nd period - Shot by Brian Gionta.
15:29 of 2nd period - Stopped by Jaroslav Halak without a rebound.
15:30 of 2nd period - Anthony Beauvillier wins face-off versus Nick Schmaltz in SAN JOSE Sharks zone.
15:47 of 2nd period - Shot by Josh Anderson.
15:47 of 2nd period - Shot Misses the Net.
15:55 of 2nd period - Shot by Nick Schmaltz.
15:55 of 2nd period - Deflect By Josh Anderson.
15:55 of 2nd period - Shot Misses the Net.
16:05 of 2nd period - Shot by Pierre-Luc Dubois.
16:05 of 2nd period - Deflect By Anthony Beauvillier.
16:05 of 2nd period - Shot Blocked by Josh Gorges.
16:07 of 2nd period - Shot by Greg Pateryn.
16:07 of 2nd period - Stopped by Jaroslav Halak with a rebound.
16:09 of 2nd period - Shot by Greg Pateryn.
16:09 of 2nd period - Stopped by Jaroslav Halak without a rebound.
16:10 of 2nd period - Mathieu Perreault wins face-off versus John Mitchell in SAN JOSE Sharks zone.
16:33 of 2nd period - Shot by Mathieu Perreault.
16:33 of 2nd period - Stopped by Jaroslav Halak without a rebound.
16:34 of 2nd period - Sven Baertschi wins face-off versus Anthony Cirelli in SAN JOSE Sharks zone.
17:36 of 2nd period - Shot by Anthony Beauvillier.
17:36 of 2nd period - Stopped by Jaroslav Halak without a rebound.
17:37 of 2nd period - Phillip Danault wins face-off versus Chris Thorburn in SAN JOSE Sharks zone.
17:41 of 2nd period - Icing by Christian Djoos.
17:42 of 2nd period - Pierre-Luc Dubois wins face-off versus Chris Thorburn in SAN JOSE Sharks zone.
17:45 of 2nd period - Shot by Anthony Beauvillier.
17:45 of 2nd period - Shot Misses the Net.
18:55 of 2nd period - Mathieu Perreault is hit by Brayden McNabb.
19:10 of 2nd period - Chris Thorburn is hit by Mathieu Perreault and loses puck.
19:44 of 2nd period - Shot by Nick Schmaltz.
19:44 of 2nd period - Shot Blocked by Anthony Cirelli.
Goals for this period are 0 for SAN JOSE Sharks vs 0 for MONTREAL Canadiens.
Shots for this period are 14 for SAN JOSE Sharks vs 7 for MONTREAL Canadiens.

3rd period


0:01 of 3rd period - Nick Schmaltz wins face-off versus Pierre-Luc Dubois in neutral zone.
0:03 of 3rd period - Milan Michalek is hit by Greg Pateryn and loses puck.
0:20 of 3rd period - Radko Gudas is hit by Pierre-Luc Dubois and loses puck.
0:57 of 3rd period - Shot by Mike Matheson.
0:57 of 3rd period - Shot Blocked by Samuel Morin.
0:59 of 3rd period - Shot by Devin Shore.
0:59 of 3rd period - Shot Misses the Net.
1:01 of 3rd period - Shot by Sven Baertschi.
1:01 of 3rd period - Shot Misses the Net.
1:15 of 3rd period - Shot by Mike Matheson.
1:15 of 3rd period - Shot Blocked by Samuel Morin.
1:17 of 3rd period - Shot by Chris Tierney.
1:17 of 3rd period - Shot Blocked by Samuel Morin.
1:19 of 3rd period - Shot by Devin Shore.
1:19 of 3rd period - Stopped by Kari Lehtonen without a rebound.
1:20 of 3rd period - Anthony Cirelli wins face-off versus John Mitchell in MONTREAL Canadiens zone.
1:20 of 3rd period - Anthony Cirelli is hit by Marcus Foligno.
1:59 of 3rd period - Off-side.
2:00 of 3rd period - Phillip Danault wins face-off versus Nick Schmaltz in neutral zone.
2:51 of 3rd period - Minor Penalty to Josh Gorges for Hooking.
2:52 of 3rd period - Anthony Cirelli wins face-off versus Marcus Foligno in SAN JOSE Sharks zone.
2:57 of 3rd period - Shot by Pierre-Luc Dubois.
2:57 of 3rd period - Shot Misses the Net.
2:59 of 3rd period - Shot by Greg Pateryn.
2:59 of 3rd period - Stopped by Jaroslav Halak without a rebound.
3:00 of 3rd period - Pierre-Luc Dubois wins face-off versus Josh Anderson in SAN JOSE Sharks zone.
4:00 of 3rd period - Shot by Brian Gionta.
4:00 of 3rd period - Shot Misses the Net.
4:53 of 3rd period - Shot by Pierre-Luc Dubois.
4:53 of 3rd period - Shot Misses the Net.
5:13 of 3rd period - Shot by Mason Raymond.
5:13 of 3rd period - Stopped by Kari Lehtonen with a rebound.
5:15 of 3rd period - Shot by Lauri Korpikoski.
5:15 of 3rd period - Stopped by Kari Lehtonen without a rebound.
5:16 of 3rd period - Phillip Danault wins face-off versus Chris Tierney in MONTREAL Canadiens zone.
5:16 of 3rd period - Phillip Danault is hit by Devin Shore.
5:46 of 3rd period - Icing by Radko Gudas.
5:47 of 3rd period - Chris Tierney wins face-off versus Tyler Pitlick in SAN JOSE Sharks zone.
5:47 of 3rd period - Chris Tierney is hit by Jacob de la Rose.
6:00 of 3rd period - Sven Baertschi is hit by Kevin Gravel and loses puck.
6:14 of 3rd period - Icing by Mike Matheson.
6:15 of 3rd period - Nick Schmaltz wins face-off versus Pierre-Luc Dubois in SAN JOSE Sharks zone.
7:56 of 3rd period - Paul Martin is hit by Chris Tierney and loses puck.
8:59 of 3rd period - Shot by Mathieu Perreault.
8:59 of 3rd period - Stopped by Jaroslav Halak without a rebound.
9:00 of 3rd period - Pierre-Luc Dubois wins face-off versus Nick Schmaltz in SAN JOSE Sharks zone.
9:36 of 3rd period - Shot by Pierre-Luc Dubois.
9:36 of 3rd period - Stopped by Jaroslav Halak without a rebound.
9:37 of 3rd period - Phillip Danault wins face-off versus Chris Tierney in SAN JOSE Sharks zone.
10:06 of 3rd period - Shot by Phillip Danault.
10:06 of 3rd period - Shot Misses the Net.
11:04 of 3rd period - Chris Thorburn is hit by Tyler Pitlick and loses puck.
11:23 of 3rd period - Icing by Mike Matheson.
11:24 of 3rd period - Chris Thorburn wins face-off versus Pierre-Luc Dubois in SAN JOSE Sharks zone.
11:53 of 3rd period - Shot by Pierre-Luc Dubois.
11:53 of 3rd period - Shot Misses the Net.
11:56 of 3rd period - Pierre-Luc Dubois is hit by Brayden McNabb and loses puck.
12:09 of 3rd period - Shot by Jason Pominville.
12:09 of 3rd period - Shot Blocked by Christian Djoos.
12:23 of 3rd period - Shot by Greg Pateryn.
12:23 of 3rd period - Goal by Greg Pateryn - SAN JOSE Sharks : 1 - MONTREAL Canadiens : 2.
12:24 of 3rd period - Chris Tierney wins face-off versus Anthony Cirelli in neutral zone.
12:42 of 3rd period - Shot by Devin Shore.
12:42 of 3rd period - Stopped by Kari Lehtonen without a rebound.
12:43 of 3rd period - John Mitchell wins face-off versus Phillip Danault in MONTREAL Canadiens zone.
13:03 of 3rd period - Shot by Phillip Danault.
13:03 of 3rd period - Stopped by Jaroslav Halak without a rebound.
13:04 of 3rd period - Pierre-Luc Dubois wins face-off versus Devin Shore in SAN JOSE Sharks zone.
13:15 of 3rd period - Shot by Pierre-Luc Dubois.
13:15 of 3rd period - Stopped by Jaroslav Halak with a rebound.
13:27 of 3rd period - Shot by Chris Tierney.
13:27 of 3rd period - Goal by Chris Tierney - SAN JOSE Sharks : 2 - MONTREAL Canadiens : 2.
13:28 of 3rd period - Phillip Danault wins face-off versus Nick Schmaltz in neutral zone.
13:49 of 3rd period - Shot by Josh Anderson.
13:49 of 3rd period - Shot Misses the Net.
13:51 of 3rd period - Shot by Brayden McNabb.
13:51 of 3rd period - Shot Misses the Net.
13:53 of 3rd period - Shot by Brayden McNabb.
13:53 of 3rd period - Shot Misses the Net.
13:55 of 3rd period - Shot by Christian Djoos.
13:55 of 3rd period - Stopped by Kari Lehtonen without a rebound.
13:56 of 3rd period - John Mitchell wins face-off versus Pierre-Luc Dubois in MONTREAL Canadiens zone.
14:21 of 3rd period - Shot by Pierre-Luc Dubois.
14:21 of 3rd period - Shot Misses the Net.
14:25 of 3rd period - Shot by Anthony Beauvillier.
14:25 of 3rd period - Shot Misses the Net.
14:36 of 3rd period - Shot by Anthony Beauvillier.
14:36 of 3rd period - Shot Misses the Net.
14:38 of 3rd period - Shot by Anthony Beauvillier.
14:38 of 3rd period - Shot Misses the Net.
15:35 of 3rd period - Icing by Radko Gudas.
15:36 of 3rd period - John Mitchell wins face-off versus Anthony Cirelli in SAN JOSE Sharks zone.
16:13 of 3rd period - Shot by Nick Schmaltz.
16:13 of 3rd period - Stopped by Kari Lehtonen without a rebound.
16:14 of 3rd period - Pierre-Luc Dubois wins face-off versus Chris Tierney in MONTREAL Canadiens zone.
16:19 of 3rd period - Shot by Greg Pateryn.
16:19 of 3rd period - Shot Misses the Net.
16:22 of 3rd period - Icing by Devin Shore.
16:23 of 3rd period - Pierre-Luc Dubois wins face-off versus Chris Tierney in SAN JOSE Sharks zone.
16:25 of 3rd period - Minor Penalty to Pierre-Luc Dubois for Roughing.
16:26 of 3rd period - Josh Anderson wins face-off versus Anthony Cirelli in MONTREAL Canadiens zone.
17:35 of 3rd period - Shot by Devin Shore.
17:35 of 3rd period - Shot Misses the Net.
17:37 of 3rd period - Shot by Brayden McNabb.
17:37 of 3rd period - Shot Misses the Net.
17:39 of 3rd period - Shot by Christian Djoos.
17:39 of 3rd period - Shot Blocked by Derrick Pouliot.
17:41 of 3rd period - Shot by Brayden McNabb.
17:41 of 3rd period - Stopped by Kari Lehtonen without a rebound.
17:42 of 3rd period - Chris Thorburn wins face-off versus Phillip Danault in MONTREAL Canadiens zone.
17:43 of 3rd period - Shot by Josh Anderson.
17:43 of 3rd period - Stopped by Kari Lehtonen with a rebound.
17:45 of 3rd period - Shot by Radko Gudas.
17:45 of 3rd period - Shot Blocked by Phillip Danault.
17:47 of 3rd period - Shot by Brayden McNabb.
17:47 of 3rd period - Shot Misses the Net.
17:51 of 3rd period - Shot by Josh Anderson.
17:51 of 3rd period - Goal by Josh Anderson - SAN JOSE Sharks : 3 - MONTREAL Canadiens : 2.
17:52 of 3rd period - Devin Shore wins face-off versus Tyler Pitlick in neutral zone.
17:57 of 3rd period - Off-side.
17:58 of 3rd period - Chris Tierney wins face-off versus Pierre-Luc Dubois in neutral zone.
19:25 of 3rd period - Shot by Nick Schmaltz.
19:25 of 3rd period - Stopped by Kari Lehtonen without a rebound.
19:26 of 3rd period - Pierre-Luc Dubois wins face-off versus Nick Schmaltz in MONTREAL Canadiens zone.
19:34 of 3rd period - Off-side.
19:35 of 3rd period - Marcus Foligno wins face-off versus Pierre-Luc Dubois in neutral zone.
19:54 of 3rd period - MONTREAL Canadiens, Kari Lehtonen is pulled from the net.
Goals for this period are 2 for SAN JOSE Sharks vs 1 for MONTREAL Canadiens.
Shots for this period are 11 for SAN JOSE Sharks vs 6 for MONTREAL Canadiens.